 Dungeon Crawl Stone Soup version 0.21.1-1-g345015fe64 (webtiles) character file.

3639 AAA992 the Cleaver (level 9, -2/76 HPs)
             Began as a Minotaur Gladiator on July 9, 2018.
             Was a Follower of Hepliaklqana.
             Killed by divine providence
             ... invoked by an orc priest
              (7 damage)
             ... on level 8 of the Dungeon.
             The game lasted 00:10:00 (8546 turns).

AAA992 the Cleaver (Minotaur Gladiator)             Turns: 8546, Time: 00:10:00

Health: -2/76      AC: 14    Str: 27    XL:     9   Next: 87%
Magic:  8/8        EV:  8    Int:  5    God:    Hepliaklqana [*.....]
Gold:   286        SH:  0    Dex: 11    Spells: 8/8 levels left

rFire    . . .     SeeInvis +   a - +0 war axe
rCold    . . .     Gourm    .   (no shield)
rNeg     . . .     Faith    .   K - +0 plate armour
rPois    .         Spirit   .   c - +0 hat
rElec    .         Reflect  .   F - +0 cloak
rCorr    .         Harm     .   C - +0 pair of gloves
MR       .....                  v - +1 pair of boots
Stlth    ..........             (no amulet)
HPRegen  0.22/turn              s - +4 ring of strength
MPRegen  0.11/turn              D - ring of see invisible

@: no status effects
A: retaliatory headbutt, reduced essence, horns 2
a: Recall Ancestor, Ancestor Identity, Renounce Religion


You were on level 8 of the Dungeon.
You worshipped Hepliaklqana.
Hepliaklqana was aware of your devotion.
You were hungry.

You visited 2 branches of the dungeon, and saw 9 of its levels.

You collected 406 gold pieces.
You spent 120 gold pieces at shops.

Inventory:

Hand Weapons
 a - a +0 war axe (weapon)
Missiles
 d - 4 throwing nets (quivered)
Armour
 c - a +0 hat (worn)
 v - a +1 pair of boots (worn)
 C - a +0 pair of gloves (worn)
 F - a +0 cloak (worn)
 K - a +0 plate armour (worn)
Jewellery
 m - a cursed amulet of inaccuracy {unknown}
 s - a +4 ring of strength (left hand)
 D - a ring of see invisible (right hand)
 L - an uncursed amulet of harm {unknown}
Wands
 A - a wand of flame (28)
 G - a wand of disintegration (5)
 H - a wand of random effects (25)
Scrolls
 e - 2 scrolls of fear {unknown}
 h - 4 scrolls of remove curse {unknown}
 k - 5 scrolls of enchant armour {unknown}
 n - a scroll of holy word {unknown}
 q - 5 scrolls of identify {unknown}
 r - 2 scrolls of random uselessness {unknown}
 t - 4 scrolls of teleportation {unknown}
 w - 2 scrolls of blinking {unknown}
 x - a scroll of noise {unknown}
 y - a scroll of fog {unknown}
 B - a scroll of enchant weapon {unknown}
 E - a scroll of magic mapping {unknown}
Potions
 b - 3 potions of ambrosia {unknown}
 g - a potion of flight {unknown}
 i - a potion of agility {unknown}
 j - 6 potions of curing {unknown}
 l - a potion of brilliance {unknown}
 o - 3 potions of lignification {unknown}
 p - a potion of haste {unknown}
 u - a potion of cancellation {unknown}
 z - a potion of heal wounds
 I - a potion of mutation {unknown}
Comestibles
 f - 14 rations


   Skills:
 + Level 10.1 Fighting
 * Level 13.7 Axes
 - Level 2.0 Throwing
 - Level 3.2 Dodging


You had 8 spell levels left.
You didn't know any spells.

Dungeon Overview and Level Annotations

Branches:
Dungeon (8/15)             Temple (1/1) D:6
   Lair: D:8-11

Altars:
Ashenzari
Cheibriados
Dithmenos
Elyvilon
Fedhas
Gozag
Hepliaklqana
Kikubaaqudgha
Makhleb
Nemelex Xobeh
Okawaru
Qazlal
Ru
Sif Muna
Trog
Uskayaw
Vehumet
Wu Jian
Xom
Yredelemnul
Zin
The Shining One

Shops:
D:4 !   D:6 }


Innate Abilities, Weirdness & Mutations

You reflexively headbutt those who attack you in melee.
You have a pair of horns on your head.
Your life essence is reduced to manifest your ancestor. (-10% HP)


Message History

The two-headed ogre barely misses you. You furiously retaliate!
You headbutt the two-headed ogre!
The two-headed ogre hits you with a giant club.
You hit the two-headed ogre but do no damage.
The two-headed ogre is almost dead.
You barely miss the two-headed ogre.
The two-headed ogre is almost dead.
The two-headed ogre hits you with a giant spiked club!
* * * LOW HITPOINT WARNING * * *
The two-headed ogre closely misses you.
You hit the two-headed ogre but do no damage.
You kill the two-headed ogre!
Your Fighting skill increases to level 10!
The orc priest calls down the wrath of Beogh upon you.
Beogh smites you!
* * * LOW HITPOINT WARNING * * *
You hear a shout!
The orc priest calls down the wrath of Beogh upon you.
Beogh smites you!
You die...

......###.##...[#
#...# #.# ..≈...
#..####.# ########.#
≈≈≈... ##.## #.#
#<......# ≈≈.. #..#
#.# ######### ...
##.###.# . #..##:#
... ##.##.#
.....#####.##.######
....oooo)h.o@......#
.....oo###..#........
....... ##.#........
.P.).#. #.#........
....##. #..........
..## #. ##..####+## .
.. ..# ## #>#


You could see a warg, an orc warrior, an orc priest, 2 orc wizards and 2 orcs.

Vanquished Creatures
  A two-headed ogre (D:8)
  A troll (D:6)
  Menkaure (D:7)
  A warg (D:8)
  A water moccasin (D:6)
  An orc warrior (D:7)
  A black bear (D:3)
  A phantom (D:3)
  2 sky beasts
  2 ogres (D:4)
  2 centaurs
  3 scorpions
  4 wights (D:7)
  6 crimson imps
  A howler monkey (D:7)
  A centaur zombie (D:5)
  A bullfrog zombie (D:5)
  3 jellies
  Crazy Yiuf (D:6)
  3 orc priests
  A bullfrog skeleton (D:7)
  4 hounds
  2 orc wizards (D:7)
  5 iguanas
  2 worker ants
  A hound skeleton (D:6)
  A worker ant zombie (D:6)
  Robin (D:2)
  6 gnolls
  9 adders
  3 shadow imps
  An adder skeleton (D:5)
  An adder zombie (D:5)
  5 worms
  4 dart slugs
  5 leopard geckos
  13 orcs
  8 bats
  4 giant cockroaches
  15 goblins
  13 hobgoblins
  16 jackals
  9 kobolds
  5 quokkas
  A ball python (D:3)
  7 frilled lizards
  A leopard gecko skeleton (D:4)
  7 rats
187 creatures vanquished.

Vanquished Creatures (collateral kills)
  A bullfrog (D:6)
  An orc priest (D:7)
2 creatures vanquished.

Vanquished Creatures (others)
  4 ancestors
4 creatures vanquished.

Grand Total: 193 creatures vanquished

Notes
Turn   | Place    | Note
-------+----------+-------------------------------------------
     0 | D:1      | AAA992 the Minotaur Gladiator began the quest for the Orb.
     0 | D:1      | Reached XP level 1. HP: 18/18 MP: 0/0
   212 | D:1      | Reached skill level 4 in Axes
   525 | D:1      | Reached XP level 2. HP: 25/25 MP: 1/1
   947 | D:2      | Reached XP level 3. HP: 19/31 MP: 2/2
  1201 | D:2      | Reached skill level 5 in Axes
  1450 | D:2      | Reached XP level 4. HP: 38/38 MP: 3/3
  1544 | D:2      | Noticed Robin
  1568 | D:2      | Killed Robin
  2214 | D:2      | Reached skill level 6 in Axes
  2214 | D:2      | Reached XP level 5. HP: 40/46 MP: 4/4
  2556 | D:3      | Noticed a black bear
  2563 | D:3      | Killed a black bear
  2563 | D:3      | Reached skill level 7 in Axes
  2563 | D:3      | Reached XP level 6. HP: 41/55 MP: 5/5
  2711 | D:3      | Reached skill level 5 in Fighting
  3603 | D:4      | Found a shimmering altar of Xom.
  3611 | D:4      | Reached skill level 8 in Axes
  3632 | D:4      | Reached XP level 7. HP: 61/61 MP: 6/6
  3748 | D:4      | Reached skill level 9 in Axes
  3750 | D:4      | Found Popuin's Distillery.
  3774 | D:4      | Bought a potion of heal wounds for 60 gold pieces
  3774 | D:4      | Bought a potion of heal wounds for 60 gold pieces
  3906 | D:5      | Entered Level 5 of the Dungeon
  4193 | D:5      | Reached XP level 8. HP: 71/71 MP: 7/7
  4389 | D:5      | Reached skill level 10 in Axes
  4433 | D:5      | Found an iron altar of Okawaru.
  5551 | D:6      | Found a snail-covered altar of Cheibriados.
  5654 | D:6      | Found Faxaf's Gadget Shoppe.
  5738 | D:6      | Found an opulent altar of Gozag.
  5761 | D:6      | Found a staircase to the Ecumenical Temple.
  5773 | Temple   | Entered the Ecumenical Temple
  6017 | Temple   | Became a worshipper of Hepliaklqana the Forgotten
  6157 | D:6      | Reached skill level 11 in Axes
  6186 | D:6      | Found a bloodstained altar of Trog.
  6186 | D:6      | Found a glowing silver altar of Zin.
  6191 | D:6      | Found a shimmering altar of Xom.
  6193 | D:6      | Found a faded altar of an unknown god.
  6196 | D:6      | Found a basalt altar of Yredelemnul.
  6276 | D:6      | Found a runed door.
  6326 | D:6      | You fall through a shaft for 2 floors!
  6370 | D:7      | Noticed Menkaure
  6390 | D:7      | Killed Menkaure
  6427 | D:7      | Reached XP level 9. HP: 14/73 MP: 8/8
  6465 | D:7      | Noticed a troll
  6486 | D:6      | Killed a troll
  6486 | D:6      | Reached skill level 12 in Axes
  6859 | D:6      | Noticed Crazy Yiuf
  6863 | D:6      | Paralysed by Crazy Yiuf for 5 turns
  7196 | D:6      | Killed Crazy Yiuf
  7679 | D:7      | Reached * piety under Hepliaklqana
  7746 | D:7      | Found a blossoming altar of Fedhas.
  8159 | D:7      | Found a shattered altar of Ashenzari.
  8527 | D:8      | Noticed a two-headed ogre
  8538 | D:8      | Reached skill level 13 in Axes
  8543 | D:8      | Killed a two-headed ogre
  8543 | D:8      | Reached skill level 10 in Fighting
  8546 | D:8      | Killed from afar by an orc priest

Skill      XL: |  1  2  3  4  5  6  7  8  9 |
---------------+----------------------------+-----
Axes           | 4 5 6 7 8 9 11 13 | 13.7
Fighting       | 3 4 5 6 8 10 | 10.1
Throwing       | |  2.0
Dodging        | |  3.2

Action                   |  1- 3 |  4- 6 |  7- 9 || total
-------------------------+-------+-------+-------++-------
Melee: War axe           |    90 |   132 |   228 ||   450
       Headbutt          |    11 |    24 |    41 ||    76
Invok: Recall Ancestor   |       |       |     1 ||     1
       Ancestor Identity |       |       |     1 ||     1
  Use: Potion            |       |       |     2 ||     2
  Eat: Chunk             |     1 |     8 |    11 ||    20
       Ration            |       |       |     1 ||     1
Armor: Leather armour    |    17 |       |       ||    17
       Scale mail        |    28 |    38 |    76 ||   142
       Plate armour      |       |       |     6 ||     6
Dodge: Dodged            |    61 |    77 |   135 ||   273
